 Dungeon Crawl Stone Soup version 0.24-a0-140-gcaa6c10 (webtiles) character file.

Game seed: 6795576909631652669

34 lemonriz the Poker (level 3, -4/27 HPs)
             Began as a Demonspawn Gladiator on Mar 4, 2019.
             Was an Initiate of Qazlal.
             Killed from afar by Natasha (5 damage)
             ... with a magic dart
             ... on level 3 of the Dungeon.
             The game lasted 00:01:21 (898 turns).

lemonriz the Poker (Demonspawn Gladiator)            Turns: 898, Time: 00:01:22

Health: -4/27      AC:  3    Str: 14    XL:     3   Next: 14%
Magic:  3/3        EV: 12    Int:  9    God:    Qazlal [......]
Gold:   102        SH:  0    Dex: 15    Spells: 2/2 levels left

rFire    . . .     SeeInvis .   a - +0 trident
rCold    . . .     Gourm    .   (no shield)
rNeg     . . .     Faith    .   b - +0 leather armour
rPois    .         Spirit   .   (helmet restricted)
rElec    .         Reflect  .   (no cloak)
rCorr    .         Harm     .   (no gloves)
MR       .....                  (no boots)
Stlth    +.........             (no amulet)
HPRegen  0.09/turn              (no ring)
MPRegen  0.08/turn              (no ring)

@: slowed, very slow
A: antennae 1
a: Renounce Religion


You were on level 3 of the Dungeon.
You worshipped Qazlal.
Qazlal was noncommittal.
You were not hungry.

You visited 1 branch of the dungeon, and saw 3 of its levels.

You collected 102 gold pieces.

Inventory:

Hand Weapons
 a - a +0 trident (weapon)
Missiles
 d - 3 throwing nets (quivered)
Armour
 b - a +0 leather armour (worn)
 c - a +0 helmet
Scrolls
 e - 2 scrolls of identify {unknown}
 i - 2 scrolls of immolation {unknown}
 j - a scroll of blinking {unknown}
Potions
 g - a potion of haste {unknown}
 h - a potion of agility {unknown}
 l - 2 potions of degeneration {unknown}
Comestibles
 f - 3 rations
 k - 4 chunks of flesh


   Skills:
 - Level 2.0 Fighting
 * Level 3.9 Polearms
 - Level 1.7 Throwing
 - Level 2.6 Dodging


You had 2 spell levels left.
You didn't know any spells.
Your spell library was empty.

Dungeon Overview and Level Annotations

Branches:
Dungeon (3/15)

Altars:
Qazlal

Annotations:
D:3 Natasha


Innate Abilities, Weirdness & Mutations

You have a pair of small antennae on your head.


Message History

You feel troubled. Natasha casts a spell at you.
You feel yourself slow down.
You see here 25 stones.
Natasha claws you!
Natasha drinks a potion.
Natasha seems to grow stronger.
You puncture Natasha!
Natasha is heavily wounded.
Natasha stares at you and mumbles some strange words.
You resist with significant effort.
You completely miss Natasha.
Natasha is heavily wounded.
Natasha claws you!
* * * LOW HITPOINT WARNING * * *
Natasha claws you.
* * * LOW HITPOINT WARNING * * *
You hit Natasha.
Natasha is heavily wounded.
Natasha casts a spell at you. The magic dart hits you.
You die...

##.
##..
#...
#..#
##..#
#.h#
####@#
#.).(#
##.####
##..#
#.(##
#.## #
#.# .#
.# #.##
###.
#.##
#..#
#..
##...


You could see Natasha.

Vanquished Creatures
  An ooze (D:3)
  2 leopard geckos
  An orc (D:3)
  A ball python (D:1)
  5 bats
  4 hobgoblins
  3 goblins
  6 kobolds
  5 rats (D:1)
28 creatures vanquished.

Notes
Turn   | Place    | Note
-------+----------+-------------------------------------------
     0 | D:1      | lemonriz the Demonspawn Gladiator began the quest for the
                  | Orb.
     0 | D:1      | Reached XP level 1. HP: 16/16 MP: 1/1
   191 | D:1      | Reached skill level 3 in Polearms
   286 | D:1      | Gained mutation: You have a pair of small antennae on your
                  | head. [demonic ancestry]
   286 | D:1      | Reached XP level 2. HP: 21/22 MP: 2/2
   805 | D:3      | Found a stormy altar of Qazlal.
   821 | D:3      | Became a worshipper of Qazlal Stormbringer
   835 | D:3      | Reached XP level 3. HP: 23/27 MP: 3/3
   891 | D:3      | Noticed Natasha
   897 | D:3      | HP: 1/27 [Natasha (6)]
   898 | D:3      | Killed from afar by Natasha

Levels and vault maps discovered:
D:1:      lightli_arrival_statue_moat, layout_loops_ring
D:2:      layout_basic, minmay_misc_feat_cross, nrook_loot_triangle,
          chequers_serial_rivers_room_b
D:3:      layout_rooms, chequers_temple_overflow_statue_of_worship,
          grunt_qazlal_clouds, uniq_natasha

Skill      XL: |  1 |
---------------+----+-----
Polearms       | 3 |  3.9
Fighting       | |  2.0
Throwing       | |  1.7
Dodging        | |  2.6

Action                   || total
-------------------------++-------
Melee: Trident           ||    75
 Stab: Sleeping          ||     3
Armor: Leather armour    ||    13
Dodge: Dodged            ||    39

Table legend:
 A = Non-vault XP
 B = Vault XP
 C = Vault XP percentage of total XP
 D = Non-vault monster count
 E = Vault monster count
 F = Vault count percentage of total count
                 A         B        C        D         E       F
            +---------+---------+-------+---------+---------+-------
      Total |      49 |       0 |   0.0 |      28 |       0 |   0.0
            +---------+---------+-------+---------+---------+-------
        D:1 |      25 |       0 |   0.0 |      18 |       0 |   0.0
        D:2 |       4 |       0 |   0.0 |       3 |       0 |   0.0
        D:3 |      20 |       0 |   0.0 |       7 |       0 |   0.0
            +---------+---------+-------+---------+---------+-------
